 Dungeon Crawl Stone Soup version 0.29.1-1-gd02db69 (webtiles) character file.

Game seed: 8582872783744208477

111 EDimP the Sneak (level 4, -8/23 HPs)
             Began as a Spriggan Delver on Nov 27, 2022.
             Killed from afar by an orc wizard (10 damage)
             ... with a puff of flame
             ... on level 7 of the Dungeon.
             The game lasted 00:06:40 (990 turns).

EDimP the Sneak (Spriggan Delver)                    Turns: 990, Time: 00:06:41

Health: -8/23      AC:  2    Str:  8    XL:     4   Next: 62%
Magic:  5/5        EV: 21    Int: 11    God:
Gold:   113        SH:  0    Dex: 18    Spells: 3/3 levels left

rFire   . . .      SeeInvis +   m - +2 short sword (freeze)
rCold   . . .      Faith    .   (no shield)
rNeg    . . .      Spirit   .   b - +0 robe
rPois   .          Reflect  .   (helmet restricted)
rElec   .          Harm     .   (no cloak)
rCorr   .          Rampage  .   (gloves unavailable)
Will    .....                   (boots unavailable)
Stlth   ++++......              (no amulet)
HPRegen 0.07/turn               (no ring)
MPRegen 0.09/turn               (no ring)

@: mighty, very quick
A: very small, no large weapons, unfitting armour, see invisible, speed 3
a: no special abilities


You were on level 7 of the Dungeon.
You visited 1 branch of the dungeon, and saw 8 of its levels.

You collected 113 gold pieces.

Inventory:

Hand Weapons
 a - a +0 short sword
 j - a +0 spear
 m - a +2 short sword of freezing (weapon)
 n - a +0 broad axe
Armour
 b - a +0 robe (worn)
Wands
 g - a wand of digging (3)
Scrolls
 c - a scroll of fog
 e - a scroll of fear
 k - a scroll of blinking
 l - a scroll of butterflies {unknown}
Potions
 f - 3 potions of haste
 h - a potion of might
 i - a potion of mutation


   Skills:
 - Level 2.4 Fighting
 - Level 2.1 Short Blades
 * Level 6.5 Dodging
 - Level 7.2 Stealth


You had 3 spell levels left.
You didn't know any spells.
Your spell library was empty.

Dungeon Overview and Level Annotations

Branches:
Dungeon (11/15)
 Temple: D:4-7         Lair: D:8-11         Orc: D:9-12

Altars:
Ashenzari
Gozag

Shops:
D:5 :

Annotations:
D:6 Maggie
D:10 Erica


Innate Abilities, Weirdness & Mutations

You are very small and have problems with some larger weapons.
You are too small for most types of armour.
You have supernaturally acute eyesight. (SInv)
You cover ground extremely quickly. (Speed+++)


Message History

The orc wizard casts a spell.
The orc wizard flickers and vanishes for a moment.
The orc wizard gestures at you while chanting.
The magic dart hits you.
There is a stone staircase leading up here.
The orc completely misses you. The orc wizard misses you.
You climb upwards.
There is a stone staircase leading down here.
You barely miss the orc wizard. The orc wizard misses you.
You barely miss the orc wizard.
The orc wizard points at you and mumbles some strange words.
The puff of flame hits you!
You barely miss the orc wizard. The orc wizard completely misses you.
You barely miss the orc wizard. The orc wizard barely misses you.
You closely miss the orc wizard. The orc wizard closely misses you.
You hit the orc wizard. You freeze the orc wizard.
The orc wizard is moderately wounded.
The orc wizard hits you with a +0 dagger.
You miss the orc wizard.
The orc wizard is moderately wounded.
The orc wizard hits you with a +0 dagger.
You hit the orc wizard. You freeze the orc wizard.
The orc wizard is severely wounded.
The orc wizard completely misses you.
You hit the orc wizard. You freeze the orc wizard.
The orc wizard is severely wounded.
The orc wizard points at you and mumbles some strange words.
The magic dart hits you.
* * * LOW HITPOINT WARNING * * *
You completely miss the orc wizard.
The orc wizard is severely wounded.
The orc wizard barely misses you.
It was a potion of might.
You feel very mighty all of a sudden. The orc wizard completely misses you.
You closely miss the orc wizard.
The orc wizard is severely wounded.
The orc wizard casts a spell at you. The puff of flame hits you!
You die...

##############
.......@oo...#
#########.##.#
#.# #.# #.#
#.# #.# #.#


You could see an orc wizard and an orc.

Vanquished Creatures
  3 howler monkeys (D:8)
  An orc (D:5)
4 creatures vanquished.

Notes
Turn   | Place    | Note
-------+----------+-------------------------------------------
     0 | D:5      | EDimP the Spriggan Delver began the quest for the Orb.
     0 | D:5      | Reached XP level 1. HP: 11/11 MP: 2/2
     2 | D:5      | Found Liemu's Self-Improvement Boutique.
    21 | D:6      | Noticed a necrophage
    55 | D:6      | Noticed a scorpion
    69 | D:6      | Noticed an ice beast
    71 | D:6      | Noticed a bullfrog
   122 | D:6      | Noticed a black bear
   123 | D:6      | Noticed Maggie
   161 | D:5      | Found a broken altar of Ashenzari.
   219 | D:7      | Noticed a sky beast
   242 | D:8      | Noticed a water moccasin
   263 | D:8      | Noticed a killer bee
   263 | D:8      | Noticed a killer bee
   310 | D:8      | Noticed a killer bee
   329 | D:8      | Noticed a howler monkey
   335 | D:8      | Noticed a howler monkey
   335 | D:8      | Noticed a howler monkey
   336 | D:8      | Killed a howler monkey
   337 | D:8      | Reached skill level 5 in Dodging
   337 | D:8      | Reached XP level 2. HP: 16/16 MP: 3/3
   337 | D:8      | Reached XP level 3. HP: 19/19 MP: 4/4
   339 | D:8      | Reached XP level 4. HP: 23/23 MP: 5/5
   377 | D:9      | Noticed a vampire
   425 | D:10     | Entered Level 10 of the Dungeon
   467 | D:11     | Noticed a centaur
   549 | D:10     | Noticed Erica
   585 | D:10     | Noticed a yak
   585 | D:10     | Noticed a yak
   648 | D:10     | Noticed a yak
   676 | D:10     | Noticed a hornet
   755 | D:9      | Found an opulent altar of Gozag.
   756 | D:9      | Noticed a kobold brigand
   990 | D:7      | Killed from afar by an orc wizard

Illustrated notes

Levels and vault maps discovered:
D:4:      layout_rooms, slow_altar_1, minmay_temple_entry_antechambers,
          uniq_crazy_yiuf_cottage
D:5:      layout_basic, cheibrodos_ashenzari_chains,
          mainiacjoe_overflow_concentric_impassable, nicolae_shop_self_help
D:6:      layout_cave_pods, zin_academy, minmay_fractal_squares_5, uniq_maggie
D:7:      layout_basic, pdpol_wu_jian_five_deadly_venoms, pf_guarded_unrand_meek
D:8:      layout_loops_ring, lemuel_crystal_altar, serial_shops, shop
D:9:      layout_irregular_city, nicolae_gozag_seed_capital,
          nicolae_tso_carved_into_rock, nicolae_qazlal_general_emergency,
          david_lair_shrubbed, minmay_misc_feat_doors
D:10:     layout_loops_ring, yredelemnul_altar_generic,
          mainiacjoe_overflow_swirl, serial_shops, shop, onia_ninara_cookie,
          uniq_josephine, uniq_erica, uniq_snorg
D:11:     layout_rooms, orc_0_dummy, serial_shops,
          nicolae_shop_bloodbath_and_beyond

Skill      XL: |  1  2  3  4 |
---------------+-------------+-----
Dodging        | 5 6 |  6.5
Fighting       | |  2.4
Short Blades   | |  2.1
Stealth        | |  7.2

Action                   |  1- 3 |  4- 6 || total
-------------------------+-------+-------++-------
Melee: Short sword       |     3 |    12 ||    15
  Use: Scroll            |     2 |     1 ||     3
       Potion            |       |     2 ||     2
 Stab: Sleeping          |     3 |     1 ||     4
Armor: Robe              |     2 |       ||     2
Dodge: Dodged            |     4 |    12 ||    16
